[Event "Titled Tuesday Blitz December 20 Early 2022"]
[White "Liaqat, Ali ISB"]
[Black "Schless, Sebastian"]
[WhiteFideId "7807058"]
[BlackFideId "4697987"]
[WhiteElo "1927"]
[BlackElo "2056"]
[Result "1-0"]
[Round "10"]
[TimeControl "180+2"]
[Date "2022.12.20"]
[WhiteClock "0:00:06"]
[BlackClock "0:00:03"]

1. d4 Nf6 2. c4 c6 3. Nf3 d5 4. Nc3 dxc4 5. e4 b5 6. Qc2 e6 7. Be2 Bb7 8. O-O Nbd7 9. b3 b4 10. e5 Nd5 11. Bg5 f6 12. exf6 gxf6 13. Nxd5 cxd5 14. Bh4 c3 15. Bb5 a6 16. Ba4 Be7 17. Rae1 Kf7 18. Rxe6 Kxe6 19. Re1+ Kf7 20. Qf5 Nf8 21. Ne5+ Kg7 22. Ng4 Nd7 23. Bxd7 Rf8 24. Qe6 Bc8 25. Qxe7+ Qxe7 26. Rxe7+ Kg6 27. Ne3 Bxd7 28. Rxd7 Rfc8 29. Nc2 a5 30. g4 h5 31. gxh5+ Kxh5 32. Bxf6 a4 33. Rxd5+ Kg6 34. Be5 axb3 35. axb3 Ra2 36. Nxb4 Rb2 37. Rd6+ Kf5 38. Rf6+ Kg5 39. Kg2 c2 40. Nxc2 Rcxc2 41. Kg3 Rxb3+ 42. f3 Rbb2 43. h4+ Kh5 44. Rf5+ Kg6 45. Rg5+ Kf7 46. Kf4 Rh2 47. Rg4 Rh3 48. Rg7+ Kf8 49. Kg4 Rh1 50. Kf5 Rxh4 51. Rg5 Kf7 52. f4 Rb5 53. Rg7+ Kf8 54. Ra7 Rh6 55. Ke4 Ke8 56. d5 Rh5 57. d6 1-0


[Site "https://www.chess.com"]

[Event "Titled Tuesday Blitz December 20 Early 2022"]
[White "LileKoridze"]
[Black "Eloisa Navez, Angel"]
[BlackFideId "5117305"]
[WhiteElo "2345"]
[BlackElo "1942"]
[Result "1/2-1/2"]
[Round "10"]
[TimeControl "180+2"]
[Date "2022.12.20"]
[WhiteClock "0:01:45"]
[BlackClock "0:01:57"]

1. d4 e6 2. c4 Nf6 3. Nc3 Bb4 4. e3 O-O 5. Bd3 c5 6. Ne2 d5 7. O-O Nc6 8. a3 dxc4 9. Bxc4 cxd4 10. exd4 Be7 11. h3 a6 12. Be3 b5 13. Bd3 Bb7 14. Rc1 b4 15. axb4 Nxb4 16. Bb1 Rc8 17. Nf4 Qa5 18. Qe2 Rfd8 19. Rfd1 Nbd5 20. Ncxd5 Nxd5 21. Qh5 g6 22. Nxg6 hxg6 23. Bxg6 fxg6 24. Qxg6+ Kh8 25. Qh6+ Kg8 26. Qxe6+ Kh8 27. Qh6+ Kg8 28. Qg6+ Kh8 29. Qh6+ Kg8 30. Qg6+ Kh8 31. Qh6+ 1/2-1/2


[Site "https://www.chess.com"]

[Event "Titled Tuesday Blitz December 20 Early 2022"]
[White "Lim, Seng Hoo"]
[Black "Larochelle, Martial"]
[WhiteFideId "5800021"]
[BlackFideId "2016311"]
[WhiteElo "2440"]
[BlackElo "2039"]
[Result "0-1"]
[Round "10"]
[TimeControl "180+2"]
[Date "2022.12.20"]
[WhiteClock "0:00:42"]
[BlackClock "0:00:41"]

1. e4 e5 2. Nf3 Nf6 3. Nxe5 Nc6 4. Nxc6 dxc6 5. d3 Bc5 6. Be2 h5 7. h3 Be6 8. Bf4 Qd7 9. Nc3 O-O-O 10. Qd2 Bd4 11. O-O-O c5 12. Kb1 Kb8 13. Bg3 b5 14. Bf3 b4 15. Ne2 Qa4 16. b3 Qa3 17. Nxd4 cxd4 18. Qc1 Qa5 19. Qb2 Ka8 20. Rhe1 c5 21. Be5 Nd7 22. Bxg7 Rhg8 23. Bh6 Ne5 24. Bxh5 Rh8 25. Bg7 Rxh5 26. g4 Rxh3 27. Bxe5 c4 28. dxc4 Qxe5 29. f4 Qxf4 30. Rxd4 Rxd4 31. Qxd4 Qc7 32. c5 Rc3 33. Qxb4 Qxc5 34. Qxc5 Rxc5 35. c4 Bxg4 36. Kc2 Kb7 37. Kd3 Be6 38. Kd4 Ra5 39. a4 Rh5 40. Re3 a5 41. e5 Kc6 42. Rd3 Rh4+ 43. Kc3 Kc5 44. Rd6 Rh3+ 45. Kb2 Re3 46. Ra6 Rxb3+ 47. Kc2 Rb4 48. Rxa5+ Kxc4 49. Ra8 Kd4 50. a5 Ra4 51. a6 Bc4 52. a7 Bd5 53. Rd8 Rxa7 54. e6 fxe6 0-1


[Site "https://www.chess.com"]

[Event "Titled Tuesday Blitz December 20 Early 2022"]
[White "Linhart, Wolfgang"]
[Black "Felix-Rose"]
[WhiteFideId "4636244"]
[WhiteElo "2114"]
[BlackElo "2299"]
[Result "1-0"]
[Round "10"]
[TimeControl "180+2"]
[Date "2022.12.20"]
[WhiteClock "0:00:05"]
[BlackClock "0:00:03"]

1. e4 e5 2. Nf3 Nc6 3. Bc4 Nf6 4. d3 Bc5 5. c3 a5 6. O-O Ba7 7. b4 d6 8. Qb3 O-O 9. Ng5 Qe7 10. b5 a4 11. Qd1 Nd8 12. Nd2 c6 13. Ba3 h6 14. Ngf3 Be6 15. Rb1 Bxc4 16. Nxc4 c5 17. Ne3 g6 18. Bc1 Bb6 19. Nc4 Ba5 20. Bxh6 Re8 21. Qc1 Ne6 22. Bg5 Nxg5 23. Nxg5 d5 24. Nxa5 Rxa5 25. f4 dxe4 26. dxe4 c4 27. Qe3 exf4 28. Qxf4 Nxe4 29. Nxe4 Qxe4 30. Qxf7+ Kh8 31. Qf6+ Kh7 32. Kh1 Re7 33. Rbd1 Rxb5 34. Rd4 Rf5 35. Rxe4 Rxf6 36. Rxe7+ Kh6 37. Rxf6 a3 38. Re5 1-0


[Site "https://www.chess.com"]

[Event "Titled Tuesday Blitz December 20 Early 2022"]
[White "Lion-Al-Messi"]
[Black "FaustinoOro"]
[WhiteElo "2520"]
[BlackElo "2633"]
[Result "1-0"]
[Round "10"]
[TimeControl "180+2"]
[Date "2022.12.20"]
[WhiteClock "0:01:57"]
[BlackClock "0:00:01"]

1. e4 e5 2. Nf3 Nc6 3. Bb5 Nf6 4. O-O Nxe4 5. d4 Nd6 6. Bxc6 dxc6 7. dxe5 Nf5 8. Qxd8+ Kxd8 9. Nc3 Bb4 10. Ne4 Ke8 11. a3 Be7 12. Bg5 h6 13. Bxe7 Nxe7 14. Rad1 Bf5 15. Rfe1 b6 16. h3 Nd5 17. g4 Bg6 18. c4 Nf4 19. Kh2 Ke7 20. Kg3 Ne6 21. Nh4 Rhd8 22. Nf5+ Kf8 23. f4 c5 24. h4 Bxf5 25. gxf5 Nd4 26. f6 Nf5+ 27. Kh3 Rd4 28. Rxd4 Nxd4 29. fxg7+ Kxg7 30. Rg1+ Kf8 31. Nf6 Ke7 32. Rg8 Rd8 33. Nd5+ Kd7 34. Nf6+ Kc8 35. Rxd8+ Kxd8 36. Ng8 Ne2 37. Kg4 h5+ 38. Kf3 Nd4+ 39. Ke4 Kd7 40. Nf6+ Ke6 41. Nxh5 Nf5 42. Nf6 Nxh4 43. Nd5 Kd7 44. f5 c6 45. Ne3 Ke7 46. Kf4 f6 47. Kg4 Nxf5 48. Kxf5 fxe5 49. Kxe5 Kd7 50. Nf5 b5 51. b3 a5 52. a4 bxc4 53. bxc4 Kc7 54. Ke6 Kb7 55. Kd7 1-0


[Site "https://www.chess.com"]

[Event "Titled Tuesday Blitz December 20 Early 2022"]
[White "Machidon, Cristi"]
[Black "Mikhail_Bryakin"]
[WhiteFideId "13904590"]
[WhiteElo "2279"]
[BlackElo "2765"]
[Result "1-0"]
[Round "10"]
[TimeControl "180+2"]
[Date "2022.12.20"]
[WhiteClock "0:00:35"]
[BlackClock "0:00:24"]

1. d4 Nf6 2. c4 g6 3. Nc3 Bg7 4. e4 c5 5. d5 d6 6. Be2 O-O 7. Nf3 e6 8. Nd2 a6 9. a4 exd5 10. cxd5 Re8 11. O-O Nbd7 12. h3 Qc7 13. Qc2 Nh5 14. Re1 Bh6 15. Bxh5 gxh5 16. Nc4 Bg7 17. Bf4 Ne5 18. Nxe5 Bxe5 19. Bxe5 Rxe5 20. f4 Re8 21. Qe2 Qb6 22. a5 Qb4 23. Ra4 Qb3 24. Qxh5 Qxb2 25. Qg5+ Kf8 26. Qf6 Bd7 27. Ra2 Qb4 28. Qxd6+ Kg8 29. Qf6 Qd4+ 30. Qxd4 cxd4 31. Nd1 Rac8 32. Nf2 Bb5 33. Rd2 Rc4 34. Red1 Ra4 35. Rxd4 Rxa5 36. e5 Bd7 37. Ne4 Rd8 38. e6 Bxe6 39. dxe6 Rxd4 40. Rxd4 fxe6 41. Rd7 b5 42. Nf6+ Kf8 43. Nxh7+ Ke8 44. Nf6+ Kf8 45. h4 b4 46. Rb7 Rf5 47. Nd7+ Ke8 48. h5 b3 49. h6 Rf7 50. h7 Rxh7 51. Nf6+ 1-0


[Site "https://www.chess.com"]

[Event "Titled Tuesday Blitz December 20 Early 2022"]
[White "Makswolf200817"]
[Black "Alexander_Donchenko"]
[WhiteElo "2651"]
[BlackElo "2812"]
[Result "0-1"]
[Round "10"]
[TimeControl "180+2"]
[Date "2022.12.20"]
[WhiteClock "0:00:27"]
[BlackClock "0:00:49"]

1. d4 d5 2. c4 dxc4 3. e3 e6 4. Bxc4 c5 5. Nf3 Nf6 6. O-O a6 7. Nbd2 Nc6 8. dxc5 Bxc5 9. a3 Bd6 10. b4 Ne5 11. Be2 O-O 12. Bb2 Nxf3+ 13. Bxf3 Qe7 14. Nc4 Bc7 15. Rc1 Rd8 16. Qb3 Rb8 17. Ne5 Bd6 18. Rfd1 Bd7 19. Nxd7 Rxd7 20. g3 Rbd8 21. Kg2 h6 22. Rc2 Bb8 23. Rcc1 Nd5 24. Qc4 b5 25. Qg4 e5 26. Rxd5 Rxd5 27. Bxd5 Rxd5 28. Qc8+ Rd8 29. Qxa6 Qd7 30. Qc6 Qd3 31. Qc2 Qd5+ 32. Kg1 h5 33. Qe2 h4 34. Rc5 Qe4 35. f3 Qb1+ 36. Rc1 Qa2 37. Kg2 Ba7 38. Rc2 Qb3 39. Bxe5 h3+ 40. Kf2 Bxe3+ 0-1


[Site "https://www.chess.com"]

[Event "Titled Tuesday Blitz December 20 Early 2022"]
[White "Manish Anto Cristiano F"]
[Black "Malich, Burkhard, Dr."]
[WhiteFideId "25095927"]
[BlackFideId "4611330"]
[WhiteElo "2485"]
[BlackElo "2323"]
[Result "0-1"]
[Round "10"]
[TimeControl "180+2"]
[Date "2022.12.20"]
[WhiteClock "0:01:26"]
[BlackClock "0:00:11"]

1. d4 Nf6 2. c4 e6 3. Nf3 d5 4. Nc3 c6 5. Bg5 h6 6. Bh4 dxc4 7. e4 g5 8. Bg3 b5 9. Be2 Bb7 10. h4 g4 11. Ne5 c5 12. Nxb5 Qa5+ 13. Nc3 Nxe4 14. O-O cxd4 15. Nxe4 Bxe4 16. Qxd4 Qd5 17. Qxc4 Qxc4 18. Bxc4 Bg7 19. Bb5+ Kf8 20. Rac1 Bf6 21. Rc8+ Kg7 22. Rxh8 Kxh8 23. Nxg4 Bxb2 24. Nxh6 Kg7 25. Ng4 Bc6 26. Bc4 Nd7 27. Rb1 Bd4 28. Rd1 Bc5 29. Rxd7 Bxd7 30. Ne5 Be8 31. Bb3 f6 32. Nd3 Ba3 33. Bxe6 Rd8 34. Nf4 Rd1+ 35. Kh2 Bf7 36. Bb3 Rd2 37. Ne6+ Kg8 38. Bf4 Bd6 39. Bxd6 Rxd6 40. Nc5 Bxb3 41. axb3 Rc6 42. Ne4 Rb6 43. b4 Kg7 44. b5 Rxb5 45. g4 Rb4 46. f3 a5 47. Kg3 a4 48. Nd6 a3 49. Nf5+ Kf8 50. h5 a2 51. h6 a1=Q 52. h7 Qg1+ 53. Kh4 Qh1+ 54. Kg3 Qxh7 55. Nd6 Qc7 56. Kh4 Qxd6 57. f4 Rb2 58. Kh5 Qxf4 59. Kg6 Qg5+ 60. Kh7 Qg7# 0-1


[Site "https://www.chess.com"]

[Event "Titled Tuesday Blitz December 20 Early 2022"]
[White "Martinez Ramirez, Lennis"]
[Black "Roman_Ovetchkin"]
[WhiteFideId "3509079"]
[WhiteElo "2426"]
[BlackElo "2702"]
[Result "1-0"]
[Round "10"]
[TimeControl "180+2"]
[Date "2022.12.20"]
[WhiteClock "0:00:49"]
[BlackClock "0:00:05"]

1. Nf3 Nf6 2. c4 g6 3. d4 Bg7 4. Nc3 O-O 5. e4 d6 6. h3 e5 7. d5 Nh5 8. g3 Qe8 9. Bd3 f5 10. Nh4 Na6 11. Be2 Nf6 12. exf5 gxf5 13. g4 e4 14. Nxf5 Bxf5 15. gxf5 Qe5 16. Rg1 Kh8 17. Be3 Qxf5 18. Bg4 Nxg4 19. Qxg4 Qxg4 20. Rxg4 Rae8 21. Nxe4 Rf3 22. Ke2 Rxh3 23. Rag1 Bxb2 24. Ng5 Rexe3+ 25. fxe3 Rh2+ 26. Kf3 Kg7 27. Ne6+ Kf7 28. Rf4+ Ke7 29. Rg8 Nc5 30. Nxc5 dxc5 31. Rff8 Rh6 32. Rc8 Rf6+ 33. Ke4 Kd7 34. Rgd8+ Ke7 35. Rh8 Kd7 36. Rcd8+ Ke7 37. Rb8 Rf7 38. Rhe8+ Kf6 39. Rxb7 h5 40. Rxb2 1-0


[Site "https://www.chess.com"]

[Event "Titled Tuesday Blitz December 20 Early 2022"]
[White "Meri-Arabidze"]
[Black "MartinMatthiesen"]
[WhiteElo "2730"]
[BlackElo "2497"]
[Result "1-0"]
[Round "10"]
[TimeControl "180+2"]
[Date "2022.12.20"]
[WhiteClock "0:00:19"]
[BlackClock "0:00:15"]

1. c4 e5 2. Nc3 Nf6 3. g3 d5 4. cxd5 Nxd5 5. Bg2 Nb6 6. Nf3 Nc6 7. O-O Be7 8. d3 O-O 9. a3 Be6 10. b4 a6 11. Bb2 f6 12. Ne4 Rf7 13. Rc1 Bf8 14. Nc5 Bxc5 15. Rxc5 Rd7 16. Nd2 Bd5 17. Bh3 Rd6 18. Qc2 Kh8 19. Rc1 Nd7 20. Rxd5 Rxd5 21. Bg2 Rd6 22. Nc4 Re6 23. Bd5 Re8 24. Bxc6 bxc6 25. Na5 Nf8 26. Nxc6 Qd7 27. e3 Ne6 28. h4 g5 29. hxg5 Nxg5 30. Qe2 Qh3 31. Rc4 Rg8 32. Ne7 Rg7 33. Nd5 Rag8 34. Nxf6 Nf3+ 35. Qxf3 Rxg3+ 36. fxg3 Rxg3+ 37. Qxg3 Qxg3+ 38. Kh1 Qf3+ 39. Kh2 Qf2+ 40. Kh3 Qf3+ 41. Kh2 Qe2+ 42. Kg3 Qxe3+ 43. Kg4 Qe2+ 44. Kf5 Qxb2 45. Rxc7 Qf2+ 46. Ke6 1-0


[Site "https://www.chess.com"]

[Event "Titled Tuesday Blitz December 20 Early 2022"]
[White "Midgardsormur"]
[Black "bazar-wokzal"]
[WhiteElo "2460"]
[BlackElo "2582"]
[Result "0-1"]
[Round "10"]
[TimeControl "180+2"]
[Date "2022.12.20"]
[WhiteClock "0:00:17"]
[BlackClock "0:01:05"]

1. e4 Nc6 2. Nf3 d5 3. exd5 Qxd5 4. Nc3 Qa5 5. Bc4 Bg4 6. h3 Bh5 7. g4 Bg6 8. d4 O-O-O 9. Bd2 Nxd4 10. Nd5 Qc5 11. Ne3 Be4 12. Be2 Bxc2 13. Nxc2 Nxc2+ 14. Kf1 Nxa1 15. Qxa1 Nf6 16. Kg2 e5 17. b4 Qd5 18. Qxe5 Qxe5 19. Nxe5 Rxd2 0-1


[Site "https://www.chess.com"]

[Event "Titled Tuesday Blitz December 20 Early 2022"]
[White "Misanik, Peter"]
[Black "alexrustemov"]
[WhiteFideId "14921421"]
[WhiteElo "1785"]
[BlackElo "2891"]
[Result "1-0"]
[Round "10"]
[TimeControl "180+2"]
[Date "2022.12.20"]
[WhiteClock "0:01:01"]
[BlackClock "0:00:01"]

1. d4 d5 2. c4 e6 3. Nc3 Be7 4. cxd5 exd5 5. Bf4 c6 6. e3 Bd6 7. Bxd6 Qxd6 8. Bd3 Nf6 9. Nge2 O-O 10. O-O Nbd7 11. f3 c5 12. Qd2 a6 13. b3 b6 14. Rad1 Bb7 15. Ng3 g6 16. Bb1 Rfe8 17. Rfe1 Rac8 18. dxc5 Qxc5 19. Na4 Qe7 20. Qd4 b5 21. Nb2 b4 22. Nd3 a5 23. Qa7 Nc5 24. Qxa5 Nxd3 25. Rxd3 Ra8 26. Qb6 Rec8 27. Qd4 Ra6 28. h4 Rac6 29. h5 Rc1 30. Rdd1 R1c3 31. Qf4 Kg7 32. h6+ Kf8 33. Qd4 R8c6 34. Kf2 Qc5 35. Ne2 Qxd4 36. Rxd4 R3c5 37. Rxb4 Bc8 38. Nd4 Rc7 39. Rb8 Ke7 40. a4 Bd7 41. b4 Rc4 42. a5 Rc3 43. a6 Ra3 44. b5 Rc4 45. Rb7 Kd6 46. Rb6+ Ke7 47. Re2 Rb4 48. Nc2 Rxa6 49. Rxa6 Rxb1 50. Nd4 Bxb5 51. Ra7+ Kf8 52. Rb7 Bxe2 53. Rxb1 Bc4 54. Rb8+ Ke7 55. g4 Ne8 56. g5 Bd3 57. Nc6+ Kd7 58. Ne5+ Ke7 59. Nxd3 1-0


[Site "https://www.chess.com"]

[Event "Titled Tuesday Blitz December 20 Early 2022"]
[White "MusicCityMaster"]
[Black "Tarno, Brian"]
[BlackFideId "10833820"]
[WhiteElo "2329"]
[BlackElo "2169"]
[Result "1/2-1/2"]
[Round "10"]
[TimeControl "180+2"]
[Date "2022.12.20"]
[WhiteClock "0:00:03"]
[BlackClock "0:00:03"]

1. d4 d5 2. c4 c6 3. Nf3 Nf6 4. e3 Bf5 5. Nc3 e6 6. Nh4 Bg6 7. Qb3 Qb6 8. c5 Qxb3 9. axb3 Nbd7 10. b4 a6 11. b5 a5 12. Bd2 Bc2 13. bxc6 bxc6 14. Na4 Ne4 15. Nf3 Nxd2 16. Kxd2 Bxa4 17. Rxa4 e5 18. Be2 e4 19. Ne1 Be7 20. Nc2 O-O 21. Rha1 Rab8 22. Kc3 Bd8 23. f3 f5 24. fxe4 fxe4 25. Bg4 Nf6 26. Be6+ Kh8 27. Rxa5 Bxa5+ 28. Rxa5 Rfe8 29. Bh3 g5 30. g3 g4 31. Bf1 Rf8 32. Ba6 Nd7 33. b4 Rf3 34. b5 cxb5 35. c6 Nb6 36. Kb4 Nc4 37. Rxb5 Rxb5+ 38. Bxb5 Nd6 39. Ba6 Rf2 40. Na3 Rb2+ 41. Kc5 Ne8 42. Kxd5 Ra2 43. Nb5 Rxa6 44. c7 Nxc7+ 45. Nxc7 Ra5+ 46. Kxe4 Ra7 47. Ne6 h5 48. d5 Kg8 49. Ke5 Kf7 50. e4 Ra2 51. d6 Rxh2 52. d7 Rd2 53. d8=Q Rxd8 54. Nxd8+ Ke7 55. Nc6+ Kd7 56. Nd4 h4 57. gxh4 g3 58. Ne2 g2 59. Ng1 Ke7 60. h5 Kf7 61. Kf5 Kg7 62. e5 Kf7 63. e6+ Ke7 64. Ke5 Kf8 65. Kf6 Ke8 66. e7 Kd7 67. Kf7 Kd6 68. h6 Ke5 69. h7 Kf5 70. h8=B Kf4 71. Kg6 Ke4 72. Kg5 Ke3 73. Kg4 Kf2 74. Nh3+ Kf1 75. Kg3 g1=Q+ 76. Nxg1 Kxg1 77. e8=N Kf1 78. Kf3 Ke1 79. Ke3 Kf1 80. Be5 Kg2 81. Nf6 Kh3 82. Kf3 Kh4 83. Bf4 Kh3 84. Bg5 Kh2 85. Ng4+ Kg1 86. Ne5 Kf1 87. Bd2 Kg1 88. Bf4 Kf1 89. Bh2 Ke1 90. Nc4 Kd1 91. Ke3 Kc2 92. Bg3 Kc3 93. Ne5 Kb4 94. Kd4 Kb5 95. Kd5 Kb6 96. Bf2+ Kc7 97. Bc5 Kb7 98. Nc4 Kc7 99. Bd6+ Kd7 100. Ne5+ Ke8 101. Ke6 Kd8 102. Nc4 Kc8 103. Na5 Kd8 104. Ke5 Kd7 105. Kd5 Ke8 106. Ke6 Kd8 107. Nc4 Kc8 108. Ne5 Kb7 109. Kd5 Kb6 110. Bc5+ Kb7 111. Kd6 Ka6 112. Nc4 Kb5 113. Kd5 Ka6 114. Nd6 Ka5 115. Kc4 Ka6 116. Bd4 Ka5 117. Kc5 Ka6 118. Kc6 Ka5 119. Bc3+ Ka4 120. Kc5 Kb3 121. Kd4 Kc2 122. Kc4 Kd1 123. Kd3 Kc1 124. Nc4 Kd1 125. Na3 Kc1 126. Bb4 Kd1 127. Nc4 1/2-1/2


[Site "https://www.chess.com"]

[Event "Titled Tuesday Blitz December 20 Early 2022"]
[White "Nakamura, Hikaru"]
[Black "Firouzja, Alireza"]
[WhiteFideId "2016192"]
[BlackFideId "12573981"]
[WhiteElo "2775"]
[BlackElo "2785"]
[Result "1-0"]
[Round "10"]
[TimeControl "180+2"]
[Date "2022.12.20"]
[WhiteClock "0:00:24"]
[BlackClock "0:00:01"]

1. e4 e5 2. Nf3 Nc6 3. Bb5 Nf6 4. d3 Bc5 5. Bxc6 dxc6 6. Nbd2 Nd7 7. b3 O-O 8. O-O f6 9. Nc4 Rf7 10. Kh1 Bf8 11. g4 Nc5 12. Rg1 Be6 13. g5 Bxc4 14. bxc4 g6 15. gxf6 Qxf6 16. Ng5 Rd7 17. Qg4 Re8 18. Rg3 Ne6 19. Rf3 Qe7 20. Rf7 Qd6 21. Rf6 Rde7 22. Nxh7 Bg7 23. Qxg6 Qd4 24. Rb1 Nf4 25. Bxf4 exf4 26. Rxf4 Re6 27. Nf6+ 1-0


[Site "https://www.chess.com"]

[Event "Titled Tuesday Blitz December 20 Early 2022"]
[White "Nau, Guenter"]
[Black "Borges Matos, Juan"]
[WhiteFideId "4661419"]
[BlackFideId "3500160"]
[WhiteElo "2205"]
[BlackElo "2409"]
[Result "0-1"]
[Round "10"]
[TimeControl "180+2"]
[Date "2022.12.20"]
[WhiteClock "0:00:01"]
[BlackClock "0:01:11"]

1. d4 Nf6 2. c4 e6 3. Nc3 Bb4 4. Nf3 O-O 5. g3 d6 6. Bg2 Qe7 7. O-O Bxc3 8. bxc3 e5 9. Ba3 Nc6 10. c5 e4 11. cxd6 cxd6 12. Nd2 Bf5 13. Nc4 Rfd8 14. Ne3 Bg6 15. Rb1 Qd7 16. c4 Rac8 17. Qd2 b6 18. Rfd1 Na5 19. h3 Nxc4 20. Nxc4 Rxc4 21. e3 d5 22. Rb2 Rdc8 23. Kh2 Bf5 24. g4 Be6 25. Kg1 h6 26. Qe2 Ne8 27. Qd2 Nd6 28. Bf1 R4c7 29. Be2 Nb7 30. Bb4 Qa4 0-1


[Site "https://www.chess.com"]

[Event "Titled Tuesday Blitz December 20 Early 2022"]
[White "Nemegejas"]
[Black "FairChess_on_YouTube"]
[WhiteElo "2883"]
[BlackElo "3072"]
[Result "0-1"]
[Round "10"]
[TimeControl "180+2"]
[Date "2022.12.20"]
[WhiteClock "0:00:01"]
[BlackClock "0:00:10"]

1. d4 d5 2. Bf4 Nf6 3. e3 g6 4. Nd2 Bg7 5. Ngf3 O-O 6. Bd3 Nc6 7. c3 Nh5 8. Bg5 h6 9. Bh4 Qd6 10. h3 e5 11. g4 Nf6 12. Bg3 Nd7 13. Qe2 Qe7 14. Bc2 Re8 15. dxe5 Ndxe5 16. O-O-O a5 17. Nd4 b6 18. f4 Ba6 19. Qg2 Nxd4 20. exd4 Nd3+ 21. Kb1 Qe2 22. Qg1 c5 23. Rh2 Qe3 24. Qg2 Nxf4 25. Bxf4 Qxf4 26. Rhh1 cxd4 27. Qxd5 dxc3 28. bxc3 Rad8 29. Qc6 Re6 30. Qf3 Qc7 31. Ne4 Rde8 32. g5 Bb7 33. Rhe1 hxg5 34. Qg4 Bxe4 35. Rxe4 Rxe4 36. Bxe4 Qxc3 37. Qe2 Rxe4 38. Rd8+ Kh7 39. Qf2 Rb4+ 0-1


[Site "https://www.chess.com"]

[Event "Titled Tuesday Blitz December 20 Early 2022"]
[White "Nenezic, Marko"]
[Black "Djeno, Drago"]
[WhiteFideId "912123"]
[BlackFideId "14400421"]
[WhiteElo "2514"]
[BlackElo "2223"]
[Result "0-1"]
[Round "10"]
[TimeControl "180+2"]
[Date "2022.12.20"]
[WhiteClock "0:00:08"]
[BlackClock "0:01:27"]

1. d4 c5 2. d5 d6 3. c4 g6 4. Bd2 Bg7 5. Bc3 Nf6 6. Nd2 O-O 7. e4 e6 8. Bd3 Re8 9. Ne2 e5 10. O-O Na6 11. f3 Nh5 12. a3 Bh6 13. b4 Qh4 14. Nb3 Be3+ 15. Kh1 Bf4 16. Nxf4 Ng3+ 17. Kg1 Nxf1 18. Bxf1 Qxf4 19. Bd2 Qf6 20. bxc5 Nxc5 21. Nxc5 dxc5 22. a4 Bd7 23. a5 b6 24. Bc3 Rab8 25. axb6 axb6 26. Ra7 Qd6 27. Qa1 b5 28. cxb5 Bxb5 29. Bxb5 Rxb5 30. Ra6 Rb1+ 31. Qxb1 Qxa6 32. h3 Qa3 33. Qb5 Kf8 34. Ba5 Ra8 35. Bb6 Qc1+ 36. Kh2 Qf4+ 0-1


[Site "https://www.chess.com"]

[Event "Titled Tuesday Blitz December 20 Early 2022"]
[White "Nithisker, P"]
[Black "guillembaches"]
[WhiteFideId "33434786"]
[WhiteElo "2346"]
[BlackElo "2464"]
[Result "0-1"]
[Round "10"]
[TimeControl "180+2"]
[Date "2022.12.20"]
[WhiteClock "0:00:23"]
[BlackClock "0:01:09"]

1. d4 d5 2. c4 e6 3. Nf3 Nf6 4. g3 Be7 5. Bg2 O-O 6. O-O dxc4 7. Ne5 c5 8. dxc5 Qc7 9. Nxc4 Qxc5 10. b3 Rd8 11. Qc2 Nc6 12. Nc3 Qh5 13. h3 e5 14. g4 Bxg4 15. hxg4 Nxg4 16. Re1 Bh4 17. Be3 Rac8 18. Rad1 Nd4 19. Qe4 b5 20. Nxe5 Nxe5 21. Bxd4 Ng4 22. Bf3 Bxf2+ 23. Bxf2 Qh2+ 24. Kf1 Qxf2# 0-1


[Site "https://www.chess.com"]

[Event "Titled Tuesday Blitz December 20 Early 2022"]
[White "NovikovaGalina"]
[Black "politeplayer"]
[WhiteElo "2400"]
[BlackElo "2244"]
[Result "1-0"]
[Round "10"]
[TimeControl "180+2"]
[Date "2022.12.20"]
[WhiteClock "0:00:56"]
[BlackClock "0:01:17"]

1. d4 Nf6 2. Nc3 g6 3. e4 d6 4. f3 Bg7 5. Be3 O-O 6. Qd2 Nbd7 7. O-O-O e5 8. g4 exd4 9. Bxd4 Ne5 10. Bxe5 Nxe4 11. Nxe4 Bxe5 12. Ne2 Be6 13. Kb1 c5 14. Nf4 Qb6 15. c3 Bxf4 16. Qxf4 Qa5 17. c4 f5 18. Qxd6 Rae8 19. Qxc5 Qa4 20. Nc3 Qa6 21. Qb5 fxg4 22. Qxa6 Bf5+ 23. Bd3 bxa6 24. Bxf5 gxf5 25. fxg4 fxg4 26. Rdf1 h5 27. Nd5 Kg7 28. Rxf8 Rxf8 29. c5 Kg6 30. c6 Kg5 31. c7 h4 32. Ne7 g3 33. hxg3 hxg3 34. c8=Q Rxc8 35. Nxc8 1-0


[Site "https://www.chess.com"]

[Event "Titled Tuesday Blitz December 20 Early 2022"]
[White "Nyambe, Maketo"]
[Black "santosalberto1987"]
[WhiteFideId "8700915"]
[WhiteElo "2091"]
[BlackElo "2495"]
[Result "0-1"]
[Round "10"]
[TimeControl "180+2"]
[Date "2022.12.20"]
[WhiteClock "0:00:01"]
[BlackClock "0:00:07"]

1. e4 c5 2. Nf3 Nc6 3. d4 cxd4 4. Nxd4 g6 5. c4 Nf6 6. Nc3 d6 7. Be2 Nxd4 8. Qxd4 Bg7 9. Be3 O-O 10. Qd2 Be6 11. f3 Qa5 12. Rc1 Rfc8 13. b3 a6 14. Nd5 Qxd2+ 15. Kxd2 Nxd5 16. cxd5 Bd7 17. a4 f5 18. exf5 Bxf5 19. g4 Bd7 20. Bd3 Rxc1 21. Rxc1 Rc8 22. Rxc8+ Bxc8 23. b4 Kf7 24. b5 axb5 25. axb5 e5 26. Kc2 Bf6 27. Kb3 Bd8 28. Kb4 b6 29. Be4 Ke7 30. h4 Kf7 31. Kc4 h5 32. gxh5 gxh5 33. Kc3 Bd7 34. Bd3 Bh3 35. Kd2 Bc8 36. Ke2 Bb7 37. Be4 Kg7 38. Kf1 Bxh4 39. Bxb6 Be7 40. Kg2 Kf6 41. Bc7 Kg5 42. Kg3 h4+ 43. Kg2 Kf4 44. b6 Ke3 45. Bb8 Kd4 46. Bc7 Kc5 47. Kf2 Bg5 48. Kg2 Bd2 49. Kh3 Ba5 50. Kxh4 Bxb6 51. Bxb6+ Kxb6 52. Kg5 Kc5 53. f4 exf4 54. Kxf4 Bxd5 55. Bf5 Kd4 56. Kg3 Ke3 57. Kg4 Bf3+ 58. Kg3 d5 59. Bc2 d4 60. Bb1 Be4 61. Ba2 d3 62. Bb3 d2 63. Bd1 Bd3 64. Bb3 Be2 65. Bc2 Kd4 66. Kf2 Kc3 67. Ba4 Bd3 68. Bd1 Kb2 0-1


[Site "https://www.chess.com"]

[Event "Titled Tuesday Blitz December 20 Early 2022"]
[White "Oleksandr_Bortnyk"]
[Black "Ordekalog"]
[WhiteElo "2984"]
[BlackElo "2796"]
[Result "1-0"]
[Round "10"]
[TimeControl "180+2"]
[Date "2022.12.20"]
[WhiteClock "0:01:04"]
[BlackClock "0:01:08"]

1. d4 d5 2. Nc3 Nf6 3. Bf4 c6 4. e3 Bf5 5. Nf3 e6 6. Ne5 Nbd7 7. g4 Nxe5 8. gxf5 Nc4 9. Bxc4 dxc4 10. fxe6 fxe6 11. Bg5 Bb4 12. Qf3 O-O 13. Rg1 Qd5 14. Qxd5 Nxd5 15. Rb1 b5 16. a3 Bxc3+ 17. bxc3 Nxc3 18. Ra1 Ne4 19. Bf4 a5 20. f3 Nc3 21. Kd2 Nd5 22. Be5 Ra7 23. e4 Nb6 24. f4 Rd7 25. c3 Na4 26. Kc2 c5 27. Rab1 cxd4 28. cxd4 Rb7 29. d5 b4 30. axb4 axb4 31. Rxb4 1-0


[Site "https://www.chess.com"]

[Event "Titled Tuesday Blitz December 20 Early 2022"]
[White "Ong, Chong Ghee"]
[Black "bennyficial"]
[WhiteFideId "5800145"]
[WhiteElo "2307"]
[BlackElo "2145"]
[Result "1-0"]
[Round "10"]
[TimeControl "180+2"]
[Date "2022.12.20"]
[WhiteClock "0:00:15"]
[BlackClock "0:00:08"]

1. d4 Nf6 2. Bg5 d5 3. Bxf6 exf6 4. e3 Bd6 5. g3 O-O 6. Bg2 c6 7. Nd2 f5 8. Ne2 Nd7 9. c4 dxc4 10. Nxc4 Bc7 11. b4 Nf6 12. a3 Ne4 13. O-O Be6 14. Nd2 Bd5 15. Nxe4 Bxe4 16. Bxe4 fxe4 17. Qc2 f5 18. Rfc1 Rc8 19. a4 Qg5 20. h4 Qg4 21. Nc3 Bd6 22. Rab1 Bxg3 23. fxg3 Qxg3+ 24. Qg2 Qxe3+ 25. Qf2 Qh6 26. d5 Rf6 27. Kh2 Rg6 28. Rg1 Rf8 29. Rxg6 hxg6 30. dxc6 bxc6 31. Rg1 Rd8 32. Nb1 Rd3 33. Rg3 Rxg3 34. Qxg3 f4 35. Qg5 Qxg5 36. hxg5 Kf8 37. Nc3 e3 38. Kg2 Ke7 39. Kf3 Ke6 40. Kxf4 e2 41. Nxe2 Kd5 42. Ke3 Kc4 43. b5 cxb5 44. axb5 Kxb5 45. Nf4 Kc5 46. Nxg6 Kd5 47. Kf4 Ke6 48. Ne5 a5 49. Nc4 a4 50. Na3 Kf7 51. Kf5 g6+ 52. Ke5 Ke7 53. Kd5 Kd7 54. Nc4 Ke7 55. Ke5 Kd7 56. Kf6 Kc6 57. Na3 Kc5 58. Kxg6 Kb4 59. Nb1 Kb3 60. Kf6 Kb2 61. Nd2 Kc2 62. Nc4 Kc3 63. Na3 Kb3 64. g6 Kxa3 65. g7 Kb3 66. g8=Q+ Kb2 67. Qg2+ Kb3 68. Qf3+ Kb2 69. Qe2+ Kb3 70. Qd3+ Kb2 71. Qd2+ Kb3 72. Qc1 a3 73. Qa1 a2 74. Ke5 Kc4 75. Ke4 Kb3 76. Kd3 Ka3 77. Kc3 Ka4 78. Qxa2+ 1-0


[Site "https://www.chess.com"]